Against Iron 2 Airborne, paratrooper bazooka blob

Match 14088602
End
Construct Section Command Post
Vickers Machine Gun Team
Vickers Machine Gun Team
Infantry Section
Grenade Package
Infantry Section
Selects Indian Artillery Battlegroup
Selects Towed ML 4.2-inch Heavy Mortar
Infantry Section
Towed ML 4.2-inch Heavy Mortar
Selects Off-map Airburst Barrage
Construct Platoon Command Post
Selects Valour
6-pounder Anti-tank Gun Team
Selects Perimeter Monitor
6-pounder Anti-tank Gun Team
6-pounder Anti-tank Gun Team
Off-map Airburst Barrage
Construct Company Command Post
Infantry Section
Selects Gurkha Rifles Section
Selects Volunteer Infantry
Unlock Towed 17-pounder Anti-tank Guns
Vickers Machine Gun Team
Royal Engineer Section
Unlock M3 Grant Medium Tanks
M3 Grant Medium Tank
Royal Engineer Section
M3 Grant Medium Tank
17-pounder Anti-tank Gun Team
Royal Engineer Section
Dingo Light Scout Car
Off-map Airburst Barrage
Perimeter Monitor
Off-map Airburst Barrage
成日天
cyril842
Kirione
Para_Dilshan
company of idiots
ThElite27
0
0

Comments sign in to comment!

No comments posted yet!